 Dungeon Crawl Stone Soup version 0.13.0-18-g7b03ea5 (webtiles) character file.

1220 Ragg the Cudgeler (level 8, -1/49 HPs)
             Began as a Gargoyle Berserker on Oct 24, 2013.
             Was an Elder of Trog.
             Slain by an orc warrior
             ... wielding a +0,+0 orcish trident
              (5 damage)
             ... on Level 6 of the Dungeon.
             The game lasted 00:22:01 (3904 turns).

Ragg the Cudgeler (Gargoyle Berserker)              Turns: 3904, Time: 00:22:01

HP  -1/49        AC 15     Str 22      XL: 8   Next: 21%
MP   7/7         EV 10     Int  8      God: Trog [****..]
Gold 208         SH  0     Dex 11      Spells:  0 memorised,  7 levels left

Res.Fire  : . . .   See Invis. : .   a - +0 mace
Res.Cold  : . . .   Warding    : .   q - +0 orc chain mail
Life Prot.: + . .   Conserve   : .   (no shield)
Res.Poison: +       Res.Corr.  : .   (no helmet)
Res.Elec. : +       Clarity    : .   (no cloak)
Sust.Abil.: . .     Spirit.Shd : .   (no gloves)
Res.Mut.  : .       Stasis     : .   (no boots)
Res.Rott. : +       Flight     : .   (no amulet)
Saprovore : . . .                    w - +1 ring of strength
                                     i - +3 ring of evasion

@: slightly resistant to hostile enchantments, extremely unstealthy
A: fangs 1, talons 2, life protection 1, electricity resistance, slow metabolism
1, unbreathing, petrification resistance, AC +5
a: Burn Spellbooks, Berserk, Trog's Hand, Brothers in Arms, Renounce Religion


You were on level 6 of the Dungeon.
You worshipped Trog.
Trog was greatly pleased with you.
You were very hungry.

You visited 1 branch of the dungeon, and saw 6 of its levels.

You collected 188 gold pieces.

Inventory:

Hand weapons
 a - a +0,+0 mace (weapon)
Armour
 q - a +0 orcish chain mail (worn)
Magical devices
 f - a wand of polymorph (3)
 r - a wand of draining (5)
 s - a wand of random effects (9)
Comestibles
 b - 3 meat rations
 c - 2 bread rations
Scrolls
 e - 8 scrolls of identify
 g - 2 scrolls of teleportation
 h - a scroll of enchant weapon II {unknown}
 j - a scroll of fog {unknown}
 m - a scroll of noise {unknown}
 n - 2 scrolls of remove curse
 v - a scroll of enchant armour {unknown}
Jewellery
 i - a +3 ring of evasion (left hand)
 w - a +1 ring of strength (right hand)
Potions
 d - a potion of curing
 l - a potion of poison {unknown}
 o - a potion of magic {unknown}
 p - a potion of brilliance {unknown}
 t - a potion of agility {unknown}
 u - a potion of resistance {unknown}


   Skills:
 + Level 5.2 Fighting
 + Level 5.8 Maces & Flails
 + Level 5.2 Armour
 + Level 4.9 Dodging
 + Level 0.4 Evocations


You had 7 spell levels left.
You didn't know any spells.

Dungeon Overview and Level Annotations

Branches:
Dungeon (6/27)             Temple (0/1) D:4
    Orc: D:6-11

Altars:
Ashenzari
Makhleb
Yredelemnul

Shops:
D:4 %


Innate Abilities, Weirdness & Mutations

You are resistant to torment.
You are immune to poison.
Your stone body is very resilient (AC +5).
You have very sharp teeth.
You have razor-sharp toenails.
You resist negative energy.
You are resistant to electric shocks.
You have a slow metabolism.
You can survive without breathing.
You are immune to petrification.


Message History

The orc warrior is heavily wounded.
The orc warrior hits you with an orcish trident!
* * * LOW HITPOINT WARNING * * *
You barely miss the orc warrior. You claw the orc warrior.
Your bite misses the orc warrior.
The orc warrior is severely wounded.
You hit the orc warrior.
The orc warrior is severely wounded.
The orc warrior hits you but does no damage.
You hit the orc warrior but do no damage.
Your kick misses the orc warrior.
The orc warrior is severely wounded.
The orc warrior hits you with an orcish trident!
* * * LOW HITPOINT WARNING * * *
Your skin stops crawling.
You feel less resistant to hostile enchantments.
The orc warrior hits you but does no damage.
There is a stone staircase leading up here.
The orc warrior hits you from afar with an orcish trident.
You die...

. . ##.## #=. .#
.# #.. .## .# #
#.$ .. # .
#.#..##.##.
###.#..#?...
........(.#
.?..$..%#..#
........@.)#####.
####.....)........
####.o........
##########.


You could see an orc warrior.

Vanquished Creatures
  Eustachio (D:5)
  An ogre (D:3)
  A centaur (D:4)
  A water moccasin (D:5)
  A hippogriff zombie (D:3)
  A crimson imp (D:5)
  A goliath beetle (D:5)
  2 orc priests
  A hound (D:4)
  5 orc wizards
  3 worker ants
  An iguana (D:5)
  4 green rats (D:5)
  4 adders
  3 gnolls (D:4)
  A giant eyeball (D:4)
  3 oozes
  17 orcs
  22 bats
  7 hobgoblins
  A quokka (D:5)
  7 giant cockroaches
  2 giant geckos
  7 giant newts
  A giant newt zombie (D:5)
  12 goblins
  A hobgoblin skeleton (D:5)
  18 jackals
  8 kobolds
  11 rats
148 creatures vanquished.

Vanquished Creatures (others)
  An orc wizard (D:5)
1 creature vanquished.

Grand Total: 149 creatures vanquished

Notes
Turn   | Place    | Note
--------------------------------------------------------------
     0 | D:1      | Ragg, the Gargoyle Berserker, began the quest for the Orb.
     0 | D:1      | Reached XP level 1. HP: 14/14 MP: 0/0
   220 | D:1      | Reached XP level 2. HP: 16/19 MP: 1/1
   255 | D:1      | Acquired Trog's second power
   730 | D:1      | Reached XP level 3. HP: 24/24 MP: 2/2
  1089 | D:2      | Reached skill level 4 in Fighting
  1302 | D:2      | Reached XP level 4. HP: 27/29 MP: 3/3
  1437 | D:2      | Found a burning altar of Makhleb.
  1437 | D:2      | Noticed a blizzard demon
  1441 | D:2      | Noticed a neqoxec
  1441 | D:2      | Noticed an orange demon
  1477 | D:2      | aki: whats the weird quick walk thing you're doing, is that just autoexplore?
  1549 | D:3      | Ragg: uhh
  1549 | D:3      | Ragg: i think so
  1549 | D:3      | Ragg: yeah
  1715 | D:3      | Shauncat: Sorry I didn't know the menu didn't say that was tutorial shit
  1727 | D:3      | Ragg: lol
  1727 | D:3      | Ragg: its all good
  1730 | D:3      | Reached XP level 5. HP: 13/33 MP: 4/4
  1735 | D:3      | Shauncat: phew
  1760 | D:3      | aki: i still enjoyed you watching you laern the ropes
  1872 | D:3      | Noticed an ogre
  1878 | D:3      | Killed an ogre
  1878 | D:3      | Reached XP level 6. HP: 37/39 MP: 5/5
  1974 | D:3      | Sugawolf: goodluck
  1977 | D:3      | Ragg: ty
  2238 | D:3      | Acquired Trog's third power
  2368 | D:4      | Found Thrarogi's Food Emporium.
  2391 | D:4      | Reached skill level 5 in Maces & Flails
  2391 | D:4      | Reached XP level 7. HP: 44/44 MP: 6/6
  2540 | D:4      | Found a staircase to the Ecumenical Temple.
  2811 | D:4      | Shauncat: I like the refs in the flavor text
  2811 | D:4      | Ragg: lol
  2831 | D:5      | Entered Level 5 of the Dungeon
  2832 | D:5      | aki: i didn't see it
  2883 | D:5      | Found a shattered altar of Ashenzari.
  2957 | D:5      | Noticed Eustachio
  2962 | D:5      | HP: 2/44 [lemure[Eustachio] (2)]
  3046 | D:5      | Killed Eustachio
  3046 | D:5      | Reached skill level 5 in Fighting
  3481 | D:5      | Reached XP level 8. HP: 49/49 MP: 7/7
  3533 | D:5      | Reached skill level 5 in Armour
  3546 | D:5      | Found a basalt altar of Yredelemnul.
  3904 | D:6      | Slain by an orc warrior

Action                   |  1- 3 |  4- 6 |  7- 9 || total
-------------------------+-------+-------+-------++-------
Melee: Mace              |    94 |   113 |   207 ||   414
Invok: Berserk           |       |     4 |     4 ||     8
       Trog's Hand       |       |     3 |     6 ||     9
Evoke: Wand              |       |       |     3 ||     3
  Use: Scroll            |       |       |     6 ||     6
       Potion            |       |       |     3 ||     3
